 Dungeon Crawl Stone Soup version 0.20-a0-540-ge6d1839 (webtiles) character file.

28407 polly the Blocker (level 13, -2/80 HPs)
             Began as a Gargoyle Fighter on Jan 30, 2017.
             Was the Champion of Okawaru.
             Killed by divine providence
             ... invoked by a sphinx
              (14 damage)
             ... while paralysed by a sphinx
             ... on level 13 of the Dungeon.
             The game lasted 00:29:00 (14214 turns).

polly the Blocker (Gargoyle Fighter)               Turns: 14214, Time: 00:29:01

Health: -2/80      AC: 33    Str: 31    XL:     13   Next: 38%
Magic:  0/13       EV:  2    Int: 14    God:    Okawaru [******]
Gold:   619        SH:  0    Dex: 13    Spells: 7/12 levels left

rFire    . . .     SeeInvis .   D - +1 mace of Misery {crush, rF+ Str+2 Dex+4}
rCold    + + .     Gourm    .   K - +1 ice dragon scales
rNeg     + . .     Faith    .   r - +0 large shield
rPois    ∞         Spirit   +   t - +2 hat
rElec    +         Reflect  .   p - +1 cloak {rPois}
rCorr    +         Harm     .   k - +0 pair of gloves
MR       .....                  e - +3 pair of boots "Fikuc Xis" {rC- rCorr Int+4}
Stlth    ..........             o - amulet of guardian spirit
Regen    0.3/turn               s - ring of protection from cold
                                (no ring)

@: paralysed, mighty, slowed
A: negative energy resistance 1, electricity resistance, unbreathing,
petrification resistance, rot immunity, AC +9
a: Heroism, Finesse, Renounce Religion


You were on level 13 of the Dungeon.
You worshipped Okawaru.
Okawaru was exalted by your worship.
You were very hungry.

You visited 2 branches of the dungeon, and saw 14 of its levels.

You collected 619 gold pieces.

Inventory:

Hand Weapons
 D - the +1 mace of Misery (weapon) {crush, rF+ Str+2 Dex+4}
   (Okawaru gifted it to you on level 11 of the Dungeon)

   It inflicts extra damage upon your enemies.
   It affects your strength (+2).
   It affects your dexterity (+4).
   It protects you from fire.
Armour
 e - the +3 pair of boots "Fikuc Xis" (worn) {rC- rCorr Int+4}
   (You acquired it on level 12 of the Dungeon)

   It affects your intelligence (+4).
   It makes you vulnerable to cold.
   It protects you from acid and corrosion.
 k - a +0 pair of gloves (worn)
 p - a +1 cloak of poison resistance (worn)
 r - a +0 large shield (worn)
 t - a +2 hat (worn)
 K - +1 ice dragon scales (worn)
Jewellery
 a - an uncursed amulet of magic regeneration
 o - an amulet of guardian spirit (around neck)
 s - a ring of protection from cold (right hand)
 H - an uncursed ring of flight
Wands
 E - a wand of iceblast (7/15)
Scrolls
 b - 3 scrolls of enchant weapon
 c - 3 scrolls of remove curse
 i - a scroll of amnesia
 j - 2 scrolls of blinking
 u - 2 scrolls of immolation
 v - 2 scrolls of acquirement
 w - a scroll of fog
 x - 3 scrolls of identify
 y - 4 scrolls of teleportation
 A - a scroll of recharging
 G - a scroll of holy word {unknown}
 M - 2 scrolls of enchant armour
Potions
 d - 2 potions of might
 g - 3 potions of brilliance
 m - 4 potions of heal wounds
 z - a potion of curing
 C - 3 potions of haste
 F - a potion of ambrosia
 L - a potion of mutation
 N - a potion of cancellation
 S - a potion of flight
Comestibles
 f - 7 bread rations
 l - 5 royal jellies
 n - 10 meat rations
 q - 16 fruits


   Skills:
 + Level 8.9 Fighting
 + Level 12.8 Maces & Flails
 + Level 9.4 Armour
 + Level 3.9 Dodging
 + Level 0.8 Stealth
 + Level 14.8 Shields


You had 7 spell levels left.
You knew the following spells:

 Your Spells              Type           Power        Failure   Level  Hunger
a - Ozocubu's Armour      Chrm/Ice       #.......     100%        3    ####...
b - Apportation           Tloc           #.....       99%         1    ##.....
c - Animate Skeleton      Necr           N/A          99%         1    ##.....


Dungeon Overview and Level Annotations

Branches:
Dungeon (13/15)            Temple (1/1) D:4            Lair (0/6) D:10
    Orc (0/2) D:12
 Vaults: D:13-14

Altars:
Ashenzari
Cheibriados
Dithmenos
Elyvilon
Fedhas
Gozag
Hepliaklqana
Kikubaaqudgha
Makhleb
Nemelex Xobeh
Okawaru
Qazlal
Ru
Sif Muna
Trog
Uskayaw
Vehumet
Xom
Yredelemnul
Zin
The Shining One

Shops:
D:4 !   D:7 %   D:12 }


Innate Abilities, Weirdness & Mutations

You are resistant to torment.
Your stone body is resilient. (AC +9)
You are immune to poison.
You resist negative energy. (rN+)
You are resistant to electric shocks. (rElec)
You can survive without breathing.
You are immune to petrification.
You are immune to rotting.


Message History

The hound stops to sniff the ground.
You block the hound's attack.
The sphinx hits you but does no damage. x2
The sphinx hits you!
* * * LOW HITPOINT WARNING * * *
You block the wyvern skeleton's attack.
You hit the sphinx.
The sphinx is severely wounded.
You block the hound's attack. The wyvern skeleton closely misses you.
The sphinx hits you but does no damage. The sphinx barely misses you.
The sphinx hits you but does no damage. You block the hound's attack.
The sphinx mumbles some strange words.
You suddenly lose the ability to move!
The wyvern skeleton bites you but does no damage.
The hound bites you but does no damage. The hound bites you.
* * * LOW HITPOINT WARNING * * *
The wyvern skeleton bites you but does no damage.
The sphinx casts a spell.
Something smites you!
You die...

#............##.##..
##.###.#####.##.##..
#.........#.##.....
##.##.###.#.##.....
#.......#.#.......#
##.##........<.....
#.##.#.#.####.####
#.##.###.# #.# #
#@H....#.# #.# #
#Zh....#.####.## #
#...÷..........# #
#.....(#.####..# #
#......#.# #..# #
#.######.####..#
................#
.....#######.####.#
#..## #.# #.#


You could see a sphinx, a hound and a wyvern skeleton.

Vanquished Creatures
  A frost giant (D:12)
  An emperor scorpion (shapeshifter) (D:13)
  Erolcha (D:9)
  Fannar (D:12)
  A hydra (D:13)
  A centaur warrior (D:13)
  The ghost of UltimateCarl the Cleaver, a novice DDWr of Makhleb (D:9)
  7 two-headed ogres
  2 tengu warriors (D:13)
  2 unseen horrors (D:12)
  2 ugly things
  A cyclops (D:11)
  A deep elf mage (D:13)
  2 gargoyles
  A centaur skeleton (D:12)
  An efreet (D:11)
  2 rime drakes (D:12)
  A tengu conjurer (D:13)
  3 trolls
  4 slime creatures (D:12)
  2 polar bears (D:12)
  A hornet (D:13)
  3 hippogriffs
  2 shadows (D:13)
  A vampire (D:13)
  A wraith (D:8)
  2 wyverns
  2 humans
  4 hogs (D:9)
  3 hungry ghosts
  A steam dragon (D:12)
  9 vampire mosquitoes
  2 soldier ants
  4 acid dragons
  4 ice beasts
  7 orc warriors
  2 sky beasts (D:9)
  3 black bears
  5 ogres
  4 centaurs
  3 big kobolds
  5 bullfrogs
  A gnoll sergeant (D:12)
  A wyvern skeleton (D:6)
  2 scorpions
  9 killer bees
  4 howler monkeys
  12 wights
  6 crimson imps
  2 quasits
  7 orc priests
  6 hounds
  A jelly (D:11)
  16 orc wizards
  Natasha (thrice) (D:3)
  2 iguanas
  20 worker ants
  A killer bee zombie (D:8)
  A hound zombie (D:9)
  3 hound skeletons
  11 adders
  13 gnolls
  A howler monkey skeleton (D:4)
  8 river rats (D:6)
  4 shadow imps
  An ooze (D:3)
  An adder skeleton (D:4)
  A worm (D:4)
  3 dart slugs
  5 leopard geckos
  57 orcs
  4 giant cockroaches
  9 goblins
  10 hobgoblins
  10 jackals
  7 quokkas
  3 ball pythons
  7 bats
  5 frilled lizards
  27 kobolds
  A kobold skeleton (D:6)
  A leopard gecko skeleton (D:4)
  A leopard gecko zombie (D:5)
  2 quokka skeletons (D:5)
  A quokka zombie (D:6)
  18 rats
414 creatures vanquished.

Vanquished Creatures (others)
  A human (D:2)
  2 orcs
  A kobold (D:12)
4 creatures vanquished.

Grand Total: 418 creatures vanquished

Notes
Turn   | Place    | Note
-------+----------+-------------------------------------------
     0 | D:1      | polly the Gargoyle Fighter began the quest for the Orb.
     0 | D:1      | Reached XP level 1. HP: 14/14 MP: 1/1
    57 | D:1      | Reached XP level 2. HP: 16/19 MP: 2/2
   413 | D:1      | Reached XP level 3. HP: 23/23 MP: 3/3
   785 | D:2      | Reached skill level 4 in Shields
   908 | D:2      | Reached XP level 4. HP: 12/29 MP: 4/4
  1108 | D:2      | Found a faded altar of an unknown god.
  1308 | D:2      | Found an ancient bone altar of Kikubaaqudgha.
  1309 | D:2      | Noticed a human
  1310 | D:2      | Killed a human
  1384 | D:2      | Reached XP level 5. HP: 28/33 MP: 5/5
  1473 | D:2      | Reached skill level 1 in Dodging
  1552 | D:2      | Found a sacrificial altar of Ru.
  1594 | D:2      | Found a shattered altar of Ashenzari.
  1720 | D:3      | Noticed Natasha
  1733 | D:3      | Killed Natasha
  1733 | D:3      | Reached XP level 6. HP: 33/39 MP: 6/6
  1888 | D:3      | Noticed Natasha
  1894 | D:3      | Killed Natasha
  1938 | D:3      | Found a snail-covered altar of Cheibriados.
  1966 | D:3      | Noticed Natasha
  1973 | D:3      | Killed Natasha
  2395 | D:4      | Found Isax's Distillery.
  2448 | D:4      | Reached skill level 5 in Shields
  2469 | D:4      | Found a staircase to the Ecumenical Temple.
  2619 | D:4      | Reached XP level 7. HP: 41/44 MP: 5/7
  2948 | Temple   | Entered the Ecumenical Temple
  3018 | Temple   | Became a worshipper of Warmaster Okawaru
  3059 | D:5      | Entered Level 5 of the Dungeon
  3156 | D:5      | Reached skill level 5 in Maces & Flails
  3573 | D:6      | Reached * piety under Okawaru
  3573 | D:6      | Reached skill level 6 in Shields
  3573 | D:6      | Reached XP level 8. HP: 34/48 MP: 8/8
  3770 | D:6      | Reached skill level 5 in Fighting
  3873 | D:6      | Reached skill level 5 in Armour
  4149 | D:6      | Reached skill level 7 in Shields
  4212 | D:6      | Found a runed door.
  4252 | D:6      | Found a basalt altar of Yredelemnul.
  4401 | D:6      | Reached ** piety under Okawaru
  4401 | D:6      | Reached XP level 9. HP: 48/54 MP: 7/9
  4503 | D:6      | Found a radiant altar of Vehumet.
  4683 | D:6      | Reached skill level 8 in Shields
  5081 | D:7      | Found Buhaox's Food Emporium.
  6007 | D:8      | Noticed a two-headed ogre
  6017 | D:8      | Killed a two-headed ogre
  6017 | D:8      | Reached *** piety under Okawaru
  6017 | D:8      | Reached skill level 9 in Shields
  6017 | D:8      | Reached XP level 10. HP: 24/60 MP: 4/10
  6279 | D:8      | Reached **** piety under Okawaru
  6440 | D:8      | Noticed a two-headed ogre
  6442 | D:8      | Noticed a two-headed ogre
  6468 | D:8      | Killed a two-headed ogre
  6488 | D:8      | Killed a two-headed ogre
  6488 | D:8      | Reached ***** piety under Okawaru
  6488 | D:8      | Reached skill level 10 in Shields
  7024 | D:8      | Noticed a two-headed ogre
  7036 | D:8      | Killed a two-headed ogre
  7036 | D:8      | Received a gift from Okawaru
  7036 | D:8      | Reached skill level 10 in Maces & Flails
  7222 | D:9      | Noticed a white ugly thing
  7246 | D:9      | Killed a white ugly thing
  7246 | D:9      | Reached XP level 11. HP: 12/67 MP: 2/11
  7628 | D:9      | Found a glowing golden altar of the Shining One.
  7834 | D:9      | Noticed Erolcha
  7860 | D:9      | Killed Erolcha
  7860 | D:9      | Reached skill level 11 in Shields
  8248 | D:9      | Noticed UltimateCarl's ghost (novice DDWr)
  8309 | D:9      | Killed UltimateCarl's ghost
  8717 | D:10     | Entered Level 10 of the Dungeon
  8779 | D:10     | Noticed a two-headed ogre
  8787 | D:10     | Killed a two-headed ogre
  8935 | D:10     | Reached skill level 12 in Shields
  9273 | D:10     | Found a staircase to the Lair.
 10016 | D:11     | Reached XP level 12. HP: 73/73 MP: 12/12
 10191 | D:11     | Received a gift from Okawaru
 10194 | D:11     | Got a brightly glowing mace {god gift}
 10195 | D:11     | Identified the +1 mace of Misery {crush, rF+ Str+2 Dex+4} (Okawaru gifted it to you on level 11 of the Dungeon)
 10208 | D:11     | Learned a level 3 spell: Ozocubu's Armour
 10210 | D:11     | Learned a level 1 spell: Apportation
 10212 | D:11     | Learned a level 1 spell: Animate Skeleton
 10357 | D:12     | Noticed Fannar
 10408 | D:12     | Killed Fannar
 10559 | D:12     | Noticed a two-headed ogre
 10579 | D:12     | Killed a two-headed ogre
 10579 | D:12     | Reached skill level 13 in Shields
 10793 | D:12     | Found a staircase to the Orcish Mines.
 11211 | D:12     | Found Loc Kak's Gadget Shoppe.
 11590 | D:12     | Noticed a frost giant
 11619 | D:12     | Killed a frost giant
 11619 | D:12     | Received a gift from Okawaru
 11619 | D:12     | Reached ****** piety under Okawaru
 11643 | D:12     | Got the broad axe of Valour {freeze}
 12097 | D:12     | Reached skill level 14 in Shields
 12532 | D:12     | Noticed a two-headed ogre
 12547 | D:12     | Killed a two-headed ogre
 12694 | D:12     | Identified 3 scrolls of acquirement
 12697 | D:12     | Got a pair of brightly glowing boots
 12708 | D:12     | Identified the +3 pair of boots "Fikuc Xis" {rC- rCorr Int+4} (You acquired it on level 12 of the Dungeon)
 12744 | D:12     | Reached XP level 13. HP: 72/79 MP: 6/13
 13522 | D:13     | Noticed an azure jelly
 13525 | D:13     | Noticed an emperor scorpion
 13525 | D:13     | an azure jelly changed into an emperor scorpion
 13602 | D:13     | Killed an emperor scorpion
 13705 | D:13     | Received a gift from Okawaru
 14174 | D:13     | Noticed a sphinx
 14174 | D:13     | Paralysed by a sphinx for 4 turns
 14213 | D:13     | Paralysed by a sphinx for 3 turns
 14214 | D:13     | Killed from afar by a sphinx

Vault maps used:
D:1:      dpeg_arrival_lava_altar
D:2:      lemuel_round_altar, overflow_temple_1_default,
          chequers_ecumenical_altar_island, dk_vineyard_2, fountainhead,
          tgw_kikubaaqudgha
D:3:      lemuel_round_altar, first_bread, minmay_misc_feat_tiny, uniq_natasha
D:4:      temple_pool_b, serial_shops, shop
D:5:      minmay_opposing_rooms, corexii_shack
D:6:      lemuel_ratsnest, kennysheep_little_box, dk_yredelemnul_ordeal
D:7:      serial_shops, shop
D:9:      nicolae_tso_swordbearing_angel, grunt_livestock,
          grunt_decor_one_mirror, uniq_erolcha
D:10:     lair_entry_dummy
D:12:     minmay_coctagon, david_orc_3, serial_shops, nicolae_shop_stone,
          uniq_fannar
D:13:     minmay_connected_boxes_in_corner
Temple:   nicolae_temple_x_marks_the_god

Skill      XL: |  1  2  3  4  5  6  7  8  9 10 11 12 |
---------------+-------------------------------------+-----
Shields        | 4 5 6 7 9 10 12 14 | 14.8
Fighting       | 4 5 6 7 8 |  8.9
Maces & Flails | 3 4 5 7 8 10 11 12 | 12.8
Armour         | 4 5 6 7 8 9 |  9.4
Dodging        | 1 2 3 |  3.9
Stealth        | |  0.8

Action                   |  1- 3 |  4- 6 |  7- 9 | 10-12 | 13-15 || total
-------------------------+-------+-------+-------+-------+-------++-------
Melee: Flail             |   126 |   293 |   574 |   810 |       ||  1803
       Mace              |       |       |       |   519 |   329 ||   848
  Use: Scroll            |       |     5 |     1 |    16 |     1 ||    23
       Potion            |       |       |       |     2 |     5 ||     7
  Eat: Chunk             |       |     7 |    13 |    26 |     2 ||    48
       Royal jelly       |       |       |       |     1 |     1 ||     2
Armor: Scale mail        |    93 |   205 |    57 |       |       ||   355
       Chain mail        |       |       |    76 |       |       ||    76
       Plate armour      |       |       |   155 |   886 |       ||  1041
       Ice dragon scales |       |       |       |     2 |   210 ||   212
Dodge: Dodged            |    49 |    73 |    71 |   181 |   101 ||   475
Block: Shield            |    87 |    28 |       |       |       ||   115
       Large shield      |       |   301 |   518 |  1400 |   411 ||  2630
